 Dungeon Crawl Stone Soup version 0.31.0-9-g3a7656b989 (webtiles) character file.

Game seed: 12559954855332093610

1299 Doomgape the Basher (level 8, -4/46 HPs)
             Began as a Gargoyle Berserker on Feb 1, 2024.
             Was an Elder of Trog.
             Killed from afar by an acid dragon (6 damage)
             ... with a splash of acid
             ... on level 5 of the Dungeon.
             The game lasted 00:14:35 (4279 turns).

Doomgape the Basher (Gargoyle Berserker)            Turns: 4279, Time: 00:14:35

Health: -4/46      AC: 18    Str: 23    XL:     8   Next: 57%
Magic:  8/8        EV:  6    Int:  8    God:    Trog [****..]
Gold:   241        SH:  3    Dex:  9    Spells: 7/7 levels left

rFire   . . .        o - +0 mace (protect)
rCold   . . .        y - +0 buckler
rNeg    + . .        u - +0 plate armour
rPois   ∞            d - +2 helmet
rElec   +            p - scarf {shadows}
rCorr   .            (no gloves)
SInv    +            (no boots)
Will    .....        (no amulet) Stlth
                     n - ring of see invisible
HPRegen 0.27/turn    (no ring)
MPRegen 0.11/turn

%: no passive effects
@: corroded, under a protective aura
A: sickness immunity, AC +5, negative energy resistance 1, electricity
resistance, torment resistance 1, petrification resistance
a: Renounce Religion, Berserk, Trog's Hand, Brothers in Arms


You were on level 5 of the Dungeon.
You worshipped Trog.
Trog was greatly pleased with you.
You visited 2 branches of the dungeon, and saw 6 of its levels.
You also visited: Sewer.

You collected 241 gold pieces.

Inventory:

Hand Weapons
 o - a +0 mace of protection (weapon)
Missiles
 t - 9 javelins (quivered)
Armour
 d - a +2 helmet (worn)
 p - a scarf of shadows (worn)
 u - a +0 plate armour (worn)
 y - a +0 buckler (worn)
Jewellery
 c - a ring of ice
 n - a ring of see invisible (left hand)
Talismans
 l - a beast talisman
Wands
 e - a wand of roots (6)
Scrolls
 a - a scroll of fear {unknown}
 g - 2 scrolls of identify
 h - 2 scrolls of enchant armour {unknown}
 j - a scroll of torment {unknown}
 m - a scroll of teleportation {unknown}
 v - a scroll of fog
 w - 3 scrolls of poison {unknown}
Potions
 b - a potion of brilliance {unknown}
 f - a potion of haste
 i - 3 potions of ambrosia {unknown}
 k - 3 potions of degeneration {unknown}
 q - a potion of heal wounds {unknown}
 r - 2 potions of might {unknown}
 s - 2 potions of resistance {unknown}
 x - a potion of cancellation {unknown}
 z - 2 potions of attraction {unknown}


   Skills:
 - Level 3.2 Fighting
 + Level 10.6 Maces & Flails
 - Level 2.1 Armour
 - Level 1.5 Dodging


You had 7 spell levels left.
You didn't know any spells.
Your spell library was empty.

Dungeon Overview and Level Annotations

Branches:
Dungeon (5/15)             Temple (1/1) D:5           Sewer (visited)

Altars:
Ashenzari
Cheibriados
Dithmenos
Elyvilon
Fedhas
Gozag
Hepliaklqana
Kikubaaqudgha
Nemelex Xobeh
Okawaru
Trog
Uskayaw
Wu Jian
Xom
Yredelemnul
Zin

Shops:
D:3 [


Innate Abilities, Weirdness & Mutations

You are immune to sickness and miasma.
Your stone body is resilient. (AC +5)
You are immune to poison.
You resist negative energy. (rN+)
You are resistant to electric shocks. (rElec)
You are resistant to unholy torment.
You are immune to petrification.


Message History

You sock the acid dragon!
The acid dragon is moderately wounded.
The acid dragon bites you but does no damage.
The acid dragon claws you but does no damage.
You hit the acid dragon but do no damage.
The acid dragon is moderately wounded.
The acid dragon bites you but does no damage.
The acid dragon barely misses you.
You closely miss the acid dragon.
The acid dragon is moderately wounded.
The acid dragon spits acid at you.
The splash of acid hits you but does no damage.
You closely miss the acid dragon.
The acid dragon is moderately wounded.
The acid dragon barely misses you.
The acid dragon claws you but does no damage.
You thump the acid dragon!
The acid dragon is heavily wounded.
The acid dragon spits acid at you.
The splash of acid hits you but does no damage.
The acid corrodes you!
You hit the acid dragon.
The acid dragon is severely wounded.
The acid dragon spits acid at you. The splash of acid hits you!!
* * * LOW HITPOINT WARNING * * *
The acid corrodes you!
You sock the acid dragon!
The acid dragon is almost dead.
The acid dragon bites you but does no damage.
The acid dragon claws you but does no damage.
You hit the acid dragon but do no damage.
The acid dragon is almost dead.
The acid dragon bites you but does no damage.
The acid dragon claws you but does no damage.
You closely miss the acid dragon.
The acid dragon is almost dead.
The acid dragon spits acid at you. The splash of acid hits you.
You die...

###......##...†...#####.)....
####..####.#.#..# #))....
#### #........# ##.....
#..#....... ##....
#.........#. #...
#..........# ### ##.. ......#
##.##..... ##.)@......
##..#D8..... # ##..##.._..#.
## #..###.8..... .## ##.##
#......# ..## ##.## ##...#.#
#..## ##..# ####.#
....####..## .....##..##


You could see an acid dragon (catching breath).

Vanquished Creatures
  Sigmund (D:4)
  An ice beast (D:5)
  A phantom (D:5)
  5 kobold brigands (Sewer)
  2 scorpions (D:4)
  3 bombardier beetles
  2 orc priests (D:4)
  An iguana (D:4)
  Jessica (D:3)
  Ijyb (D:3)
  2 orc wizards
  10 adders
  2 river rats (Sewer)
  A dart slug (D:2)
  5 ribbon worms
  13 orcs
  9 ball pythons
  7 endoplasms
  6 giant cockroaches
  8 hobgoblins
  4 jackals (D:2)
  3 quokkas
  5 bats
  3 frilled lizards (D:3)
  9 goblins
  13 kobolds
  9 rats
127 creatures vanquished.

Notes
Turn   | Place    | Note
-------+----------+-------------------------------------------
     0 | D:1      | Doomgape the Gargoyle Berserker began the quest for the
                  | Orb.
     0 | D:1      | Reached XP level 1. HP: 14/14 MP: 1/1
   215 | D:1      | Reached XP level 2. HP: 19/19 MP: 2/2
   636 | D:2      | Reached ** piety under Trog
   637 | D:2      | Reached skill level 4 in Maces & Flails
   666 | D:2      | Reached XP level 3. HP: 23/23 MP: 3/3
  1011 | D:2      | Reached XP level 4. HP: 28/28 MP: 4/4
  1267 | D:2      | Reached skill level 5 in Maces & Flails
  1450 | D:3      | Found Seogeol's Antique Armour Emporium.
  1513 | D:3      | Noticed Ijyb
  1518 | D:3      | Noticed Jessica
  1536 | D:3      | Killed Ijyb
  1537 | D:3      | Reached XP level 5. HP: 22/32 MP: 5/5
  1543 | D:3      | Killed Jessica
  1870 | D:3      | Found a glowing drain.
  1889 | D:3      | Reached skill level 6 in Maces & Flails
  1896 | Sewer    | Entered a sewer
  1947 | Sewer    | Reached *** piety under Trog
  2083 | Sewer    | Noticed a kobold brigand
  2114 | Sewer    | Killed a kobold brigand
  2115 | Sewer    | Reached XP level 6. HP: 27/37 MP: 6/6
  2235 | Sewer    | Reached skill level 7 in Maces & Flails
  2532 | Sewer    | Reached XP level 7. HP: 37/41 MP: 7/7
  2590 | Sewer    | Reached skill level 8 in Maces & Flails
  3460 | D:4      | Noticed Sigmund
  3475 | D:4      | Killed Sigmund
  3476 | D:4      | Reached skill level 9 in Maces & Flails
  3476 | D:4      | Reached XP level 8. HP: 44/46 MP: 8/8
  3539 | D:4      | Found an opulent altar of Gozag.
  3885 | D:4      | Reached **** piety under Trog
  3967 | D:5      | Entered Level 5 of the Dungeon
  3983 | D:5      | Reached skill level 10 in Maces & Flails
  4039 | D:5      | Found a staircase to the Ecumenical Temple.
  4165 | Temple   | Entered the Ecumenical Temple
  4266 | D:5      | Found a hazy altar of Hepliaklqana.
  4276 | D:5      | HP: 2/46 [acid dragon/splash of acid (21)]
  4279 | D:5      | Killed from afar by an acid dragon

Illustrated notes

Levels and vault maps discovered:
D:1:      minmay_arrival_four_houses, layout_rooms, roderic_roman_lattice
D:2:      layout_basic
D:3:      layout_basic, mainiacjoe_sewer_entry_somewhere_in_here_1,
          serial_shops, nicolae_shop_statue_plus, uniq_ijyb, uniq_jessica
D:4:      layout_cave_pools, mainiacjoe_overflow_24_doors,
          hangedman_decor_growths, uniq_sigmund
D:5:      gammafunk_steamed_eel, layout_cave_pods, kennysheep_mini,
          minmay_temple_entry_sparse_star, hangedman_feature_mirror,
          dk_noncrumbling_4
Temple:   eino_wide_crystal_templ

Skill      XL: |  1  2  3  4  5  6  7  8 |
---------------+-------------------------+-----
Maces & Flails | 4 5 6 7 9 10 | 10.6
Fighting       | |  3.2
Armour         | |  2.1
Dodging        | |  1.5

Action                     |  1- 3 |  4- 6 |  7- 9 || total
---------------------------+-------+-------+-------++-------
  Melee: Mace              |   102 |   279 |   242 ||   623
         Punch             |     1 |     2 |       ||     3
 Invoke: Berserk           |       |     1 |     3 ||     4
         Trog's Hand       |       |       |     3 ||     3
    Use: Scroll            |     5 |       |       ||     5
 Armour: Leather armour    |    67 |    26 |       ||    93
         Animal skin       |     9 |       |       ||     9
         Ring mail         |       |    20 |       ||    20
         Chain mail        |       |   160 |    34 ||   194
         Plate armour      |       |       |   191 ||   191
  Dodge: Dodged            |    79 |   121 |    70 ||   270
  Block: Buckler           |       |       |    10 ||    10
         Form:             |       |     1 |       ||     1
         Beast             |       |     1 |       ||     1
